 Dungeon Crawl Stone Soup version 0.31-a0-844-gdc52ec4e09 (webtiles) character file.

Game seed: 11522898430459484500

15 javelincjr the Changeling (level 2, -1/21 HPs)
             Began as a Demonspawn Shapeshifter on Sept 28, 2023.
             Succumbed to Crazy Yiuf's poison
             ... on level 2 of the Dungeon.
             The game lasted 00:01:59 (999 turns).

javelincjr the Changeling (Demonspawn Shapeshifter)  Turns: 999, Time: 00:02:00

Health: -1/21      AC:  4    Str: 14    XL:     2   Next: 34%
Magic:  2/2        EV: 12    Int: 11    God:
Gold:   43         SH:  0    Dex: 12    Spells: 1/1 levels left

rFire   . .          .
                       - Unarmed
rCold   . . .        (no shield)
rNeg    . . .        a - +0 animal skin
rPois   .            (helmet currently unavailable)
rElec   .            (cloak currently unavailable)
rCorr   .            (gloves currently unavailable)
SInv    .            (boots currently unavailable)
Will    .....        (no amulet)
Stlth   +            (no ring)
HPRegen 0.23/turn    (no ring)
MPRegen 0.08/turn

%: no passive effects
@: lethally poisoned (-1 -> -17), beast-form
A: beast (slay +1), slimy green scales 1
a: Begin Untransformation


You were on level 2 of the Dungeon.
You were a hulking beast.
You visited 1 branch of the dungeon, and saw 2 of its levels.

You collected 43 gold pieces.

Inventory:

Armour
 a - a +0 animal skin (worn)
Jewellery
 h - a ring of flight
 l - a +6 ring of intelligence
 m - a ring of ice
Talismans
 c - a beast talisman (active)
 d - a flux talisman
 f - a maw talisman
Scrolls
 e - a scroll of revelation {unknown}
 g - a scroll of summoning {unknown}
 k - a scroll of fog {unknown}
 o - a scroll of enchant weapon {unknown}
Potions
 b - a potion of lignification
 i - a potion of berserk rage {unknown}
 j - a potion of curing {unknown}
 n - a potion of haste {unknown}
 p - a potion of ambrosia {unknown}


   Skills:
 + Level 1.3 Fighting
 + Level 2.0 Dodging
 + Level 2.8 Unarmed Combat
 * Level 2.9 Shapeshifting


You had one spell level left.
You didn't know any spells.
Your spell library was empty.

Dungeon Overview and Level Annotations

Branches:
Dungeon (2/15)

Altars:

Shops:
D:1 [

Annotations:
D:2 Crazy Yiuf


Innate Abilities, Weirdness & Mutations

You are a hulking beast.
Your limbs bulge with bestial killing power. (Slay +1)
You are partially covered in slimy green scales. (AC +2)


Message History

There is an open door here.
You open the door.
There is an open door here.
You open the door.
There is an open door here.
p - a smoky green potion You open the door.
You open the door.
There is an open door here.
You open the door.
There is an open door here.
You open the door.
There is an open door here.
Done exploring.
Done exploring.
Search for what [? for help]? .
What level of the Dungeon? (default 1, ? - help)
There is an open door here.
There is a stone staircase leading down here.
You climb downwards.
Found 15 gold pieces.
There is a stone staircase leading up here.
Found a mace.
Found an escape hatch in the floor.
You now have 43 gold pieces (gained 15).
Found a hammer.
Found a runed translucent door.
Crazy Yiuf shouts!
You open the door. You barely miss Crazy Yiuf.
Crazy Yiuf hits you with a +3 quarterstaff of chaos!
Ouch! That really hurt!
* * * LOW HITPOINT WARNING * * *
You are lethally poisoned!
You barely miss Crazy Yiuf.
* * * LOW HITPOINT WARNING * * *
You feel very sick.
Crazy Yiuf whimpers, "Pitchfork!"
Crazy Yiuf closely misses you.
You completely miss Crazy Yiuf.
You die...

#.#
##..####
#.#
#....#
#.#
♣....♣
♣♣...♣
♣♣.♣♣
♣♣.♣
♣.♣♣
♣♣.♣
♣h♣♣ #g#
...
#...#
#)..#
#####


You could see Crazy Yiuf.

Vanquished Creatures
  2 bats (D:1)
  3 endoplasms (D:1)
  A giant cockroach (D:1)
  A hobgoblin (D:1)
  3 ball pythons (D:1)
  A frilled lizard (D:1)
  3 kobolds (D:1)
  A rat (D:1)
15 creatures vanquished.

Notes
Turn   | Place    | Note
-------+----------+-------------------------------------------
     0 | D:1      | javelincjr the Demonspawn Shapeshifter began the quest for
                  | the Orb.
     0 | D:1      | Reached XP level 1. HP: 15/15 MP: 1/1
    16 | D:1      | Found Toekhukk's Armour Shop.
   292 | D:1      | Found a faded altar of an unknown god.
   440 | D:1      | Gained mutation: You are partially covered in slimy green
                  | scales. (AC +2) [demonic ancestry]
   440 | D:1      | Reached XP level 2. HP: 21/21 MP: 2/2
   992 | D:2      | Found a runed translucent door.
   993 | D:2      | Noticed Crazy Yiuf
   999 | D:2      | Succumbed to Crazy Yiuf's poison

Illustrated notes

Levels and vault maps discovered:
D:1:      minmay_arrival_doors, layout_loops_corners, serial_shops, shop,
          basic_ecumenical_altar
D:2:      layout_loops_ring, fountainhead, minmay_box_of_dots,
          uniq_crazy_yiuf_cottage

Skill      XL: |  1  2 |
---------------+-------+-----
Dodging        | 2 |  2.0
Fighting       | |  1.3
Unarmed Combat | |  2.8
Shapeshifting  | |  2.9

Action                     || total
---------------------------++-------
  Melee: Unarmed           ||    40
         Punch             ||     2
   Stab: Sleeping          ||     1
 Armour: Animal skin       ||    20
  Dodge: Dodged            ||    19

Table legend: (Time is in decaauts)
 A = Elapsed time spent in this place.
 B = Non-inter-level travel time spent in this place.
 C = Inter-level travel time spent in this place.
 D = Time resting spent in this place.
 E = Time spent auto-exploring this place.
 F = Levels seen in this place.
 G = Mean time per level.
                   A        B        C        D        E       F      G
               +--------+--------+--------+--------+--------+-----+--------+
         Total |    996 |    951 |     45 |      0 |    816 |   2 |  498.0 |
       Dungeon |    996 |    951 |     45 |      0 |    816 |   2 |  498.0 |
               +--------+--------+--------+--------+--------+-----+--------+

Top non-repeatable levels by time:
     D:1: 969 daAuts
     D:2: 26 daAuts
